 Dungeon Crawl Stone Soup version 0.26.0-16-gc1dbca0489 (webtiles) character file.

Game seed: 382590516622920739

48 kaeus the Insei (level 3, -2/18 HPs)
             Began as a Vine Stalker Transmuter on Jan 19, 2021.
             Slain by Robin
             ... wielding a +0 short sword
              (3 damage)
             ... on level 2 of the Dungeon.
             The game lasted 00:02:53 (1427 turns).

kaeus the Insei (Vine Stalker Transmuter)           Turns: 1427, Time: 00:02:53

Health: -2/18      AC:  2    Str: 12    XL:     3   Next: 72%
Magic:  0/7        EV: 12    Int: 14    God:
Gold:   85         SH:  0    Dex: 14    Spells: 6/7 levels left

rFire    . . .     SeeInvis .     - Unarmed
rCold    . . .     Faith    .   (no shield)
rNeg     . . .     Spirit   +   a - +0 robe
rPois    .         Reflect  .   (helmet currently unavailable)
rElec    .         Harm     .   (no cloak)
rCorr    .         Rampage  .   (no gloves)
Will     .....                  (boots currently unavailable)
Stlth    +.........             (no amulet)
HPRegen  0.06/turn              (no ring)
MPRegen  0.10/turn              (no ring)

@: appendages (expiring)
A: fangs 2, horns 2, talons 2, magic shield, antimagic bite, no potion heal 3
a: End Transformation


You were on level 2 of the Dungeon.
You had grown temporary horns.
You had grown temporary talons.
You visited 1 branch of the dungeon, and saw 2 of its levels.

You collected 85 gold pieces.

Inventory:

Armour
 a - a +0 robe (worn)
Scrolls
 c - a scroll of enchant weapon {unknown}
 d - a scroll of identify {unknown}
 f - a scroll of teleportation {unknown}
 g - a scroll of remove curse {unknown}
Potions
 b - a potion of flight {unknown}
 e - a potion of curing {unknown}


   Skills:
 + Level 1.4 Fighting
 + Level 2.0 Dodging
 + Level 3.3 Unarmed Combat
 + Level 2.5 Spellcasting
 * Level 2.5 Transmutations


You had 6 spell levels left.
You knew the following spells:

 Your Spells              Type           Power        Failure   Level
a - Beastly Appendage     Tmut           18%          8%          1

Your spell library contained the following spells:

 Spells                   Type           Power        Failure   Level
 Wereblood                Tmut           9%           12%         2
 Spider Form              Tmut/Pois      2%           36%         3
 Ice Form                 Ice/Tmut       5%           78%         4
 Blade Hands              Tmut           4%           91%         5


Dungeon Overview and Level Annotations

Branches:
Dungeon (2/15)

Altars:

Annotations:
D:2 Robin


Innate Abilities, Weirdness & Mutations

You have extremely sharp teeth.
When hurt, damage is shared between your health and your magic reserves.
Your bite disrupts and absorbs the magic of your enemies.
Potions cannot restore your health.
You have a pair of horns on your head.
You have razor-sharp toenails.


Message History

Robin roars a battlecry!
You hear a shout! x2
Robin is nearby!
Robin drinks a potion.
Robin flickers and vanishes!
Deactivating autopickup; reactivate with Ctrl-A.
A goblin comes into view. It is wielding a +0 club.
Something hits you.
* * * LOW HITPOINT WARNING * * *
Your transformation is almost over.
The goblin shouts! x2; You hear a shout!
A hobgoblin comes into view. It is wielding a +0 club.
Something hits you but does no damage.
You start resting.
There are monsters nearby!
You hit something. You claw something. The goblin hits you with a +0 club.
* * * LOW HITPOINT WARNING * * *
Something hits you.
* * * LOW HITPOINT WARNING * * *
You hit something. Something hits you.
You die...

#.........#
.###$......#.#
g...............#
.######.......#.#
#.......#)##
#...g.......
####g####!##
#g####.#
######@.....#
#........###########
#.#####..# #.....###
#..#####.......#
#......†.....#.#
..##......♣....♣..#
#.....♣.♣♣♣♣♣♣♣♣..#
......♣.♣♣ ♣..#
....# ##......♣ ♣.##


You could see a hobgoblin (strong) and 2 goblins.

Vanquished Creatures
  2 adders (D:2)
  A leopard gecko (D:1)
  A ball python (D:2)
  6 goblins
  2 hobgoblins (D:1)
  4 jackals (D:1)
  4 bats
  4 frilled lizards (D:2)
  4 rats
28 creatures vanquished.

Vanquished Creatures (others)
  A plant (D:1)
1 creature vanquished.

Grand Total: 29 creatures vanquished

Notes
Turn   | Place    | Note
-------+----------+-------------------------------------------
     0 | D:1      | kaeus the Vine Stalker Transmuter began the quest for the
                  | Orb.
     0 | D:1      | Reached XP level 1. HP: 9/9 MP: 4/4
    47 | D:1      | Reached skill level 1 in Fighting
   338 | D:1      | Reached XP level 2. HP: 13/14 MP: 4/6
  1193 | D:2      | Reached XP level 3. HP: 18/18 MP: 5/7
  1417 | D:2      | Identified the +2 helmet "Teso" {Harm MP+9 Str+3}
  1417 | D:2      | Noticed Robin
  1427 | D:2      | Slain by Robin

Illustrated notes

Levels and vault maps discovered:
D:1:      minmay_arrival_stair_chambers, layout_loops_ring, serial_bayou_pond_b,
          serial_bayou_lake_a
D:2:      layout_loops_cross, chequers_ecumenical_altar_grove, uniq_robin

Skill      XL: |  1  2  3 |
---------------+----------+-----
Fighting       | 1 |  1.4
Dodging        | 2 |  2.0
Unarmed Combat | |  3.3
Spellcasting   | |  2.5
Transmutations | |  2.5

Action                   || total
-------------------------++-------
Melee: Unarmed           ||    74
       Bite              ||    10
       Kick              ||     8
       Headbutt          ||     1
 Cast: Beastly Appendage ||     8
 Stab: Sleeping          ||     1
Armor: Robe              ||    13
Dodge: Dodged            ||    38
